 Dungeon Crawl Stone Soup version 0.23.2-33-g5129a83184 (webtiles) character file.

Game seed: 4451625186176948692

5124 DorianNounverber the Geomancer (level 10, -1/59 HPs)
             Began as a Gargoyle Earth Elementalist on July 12, 2019.
             Was a Believer of Vehumet.
             Slain by a green ugly thing (10 damage)
             ... on level 9 of the Dungeon.
             The game lasted 00:32:59 (12224 turns).

DorianNounverber the Geomancer (GrEE)              Turns: 12224, Time: 00:32:59

Health: -1/59      AC: 14    Str: 13    XL:     10   Next: 58%
Magic:  0/20       EV: 13    Int: 25    God:    Vehumet [**....]
Gold:   419        SH:  0    Dex: 10    Spells: 10/23 levels left

rFire    . . .     SeeInvis .   r - staff of energy
rCold    . . .     Gourm    .   (no shield)
rNeg     + . .     Faith    .   B - +2 robe {MR+}
rPois    ∞         Spirit   .   I - +1 helmet
rElec    +         Reflect  .   D - +0 cloak
rCorr    .         Harm     .   (no gloves)
MR       +....                  (no boots)
Stlth    ++........             (no amulet)
HPRegen  0.19/turn              j - +3 ring of intelligence
MPRegen  0.17/turn              F - +4 ring of intelligence

@: no status effects
A: negative energy resistance 1, electricity resistance, unbreathing,
petrification resistance, rot immunity, AC +7
a: Renounce Religion


You were on level 9 of the Dungeon.
You worshipped Vehumet.
Vehumet was pleased with you.
You were not hungry.

You visited 2 branches of the dungeon, and saw 10 of its levels.

You collected 559 gold pieces.
You spent 140 gold pieces at shops.

Inventory:

Hand Weapons
 e - a +0 club
Missiles
 y - 122 stones (quivered)
Armour
 c - a +0 robe
 n - a +0 shield
 u - a +0 helmet
 B - a +2 robe of magic resistance (worn)
 D - a +0 cloak (worn)
 I - a +1 helmet (worn)
Magical Staves
 r - an uncursed staff of energy (weapon)
Jewellery
 j - a +3 ring of intelligence (left hand)
 m - an uncursed ring of protection from cold
 C - an uncursed ring of resist corrosion
 F - a +4 ring of intelligence (right hand)
Wands
 b - a wand of scattershot (8)
 z - a wand of acid (11)
 E - a wand of iceblast (17)
Scrolls
 g - 6 scrolls of remove curse {unknown}
 h - a scroll of fear {unknown}
 i - 5 scrolls of identify {unknown}
 k - 2 scrolls of noise {unknown}
 o - a scroll of amnesia {unknown}
 x - a scroll of magic mapping {unknown}
 A - 6 scrolls of teleportation {unknown}
 G - a scroll of brand weapon {unknown}
Potions
 a - a potion of ambrosia {unknown}
 f - 5 potions of curing
 l - 2 potions of mutation {unknown}
 p - a potion of heal wounds {unknown}
 q - a potion of cancellation {unknown}
 s - 2 potions of flight
 t - 3 potions of brilliance {unknown}
 v - a potion of haste {unknown}
 w - a potion of agility
 H - a potion of might {unknown}
Comestibles
 d - 5 rations


   Skills:
 + Level 5.4 Fighting
 + Level 4.1 Staves
 + Level 4.6 Dodging
 - Level 2.2 Stealth
 + Level 4.4 Shields
 * Level 7.0 Spellcasting
 + Level 4.1 Conjurations
 - Level 0.7 Transmutations
 * Level 9.6 Earth Magic
 + Level 3.6 Evocations


You had 10 spell levels left.
You knew the following spells:

 Your Spells              Type           Power        Failure   Level  Hunger
a - Sandblast             Erth           ######       1%          1    None
b - Stone Arrow           Conj/Erth      #####.       1%          3    None
c - Petrify               Tmut/Erth      ####....     8%          4    None
d - Lee's Rapid Deconstr  Erth           ######....   3%          5    None

Your spell library contained the following spells:

 Spells                   Type           Power        Failure   Level  Hunger
 Static Discharge         Conj/Air       ###.....     9%          3    None
 Passwall                 Tmut/Erth      ####....     1%          2    None
 Beastly Appendage        Tmut           ##....       4%          1    None
 Animate Skeleton         Necr           N/A          7%          1    None
 Corona                   Hex            #......      7%          1    None
 Pain                     Necr           #...         7%          1    None
 Sticks to Snakes         Tmut           ##......     8%          2    None
 Dazzling Spray           Conj/Hex       ###...       9%          3    None
 Ensorcelled Hibernation  Hex/Ice        #.....       10%         2    None
 Spider Form              Tmut/Pois      ##........   17%         3    None
 Confuse                  Hex            #.......     21%         3    None
 Regeneration             Chrm/Necr      #.........   21%         3    None
 Tukima's Dance           Hex            #.......     21%         3    None
 Vampiric Draining        Necr           #.........   21%         3    None
 Ice Form                 Ice/Tmut       ##......     50%         4    None
 Animate Dead             Necr           N/A          54%         4    None
 Blade Hands              Tmut           ##........   80%         5    None


Dungeon Overview and Level Annotations

Branches:
Dungeon (9/15)             Temple (1/1) D:4            Lair (0/6) D:8
    Orc: D:9-12

Altars:
Ashenzari
Dithmenos
Elyvilon
Fedhas
Gozag
Hepliaklqana
Kikubaaqudgha
Makhleb
Nemelex Xobeh
Okawaru
Qazlal
Ru
Sif Muna
Trog
Uskayaw
Vehumet
Wu Jian
Xom
Yredelemnul
Zin
The Shining One

Shops:
D:5 !   D:7 %


Innate Abilities, Weirdness & Mutations

You are resistant to torment.
Your stone body is resilient. (AC +7)
You are immune to poison.
You resist negative energy. (rN+)
You are resistant to electric shocks. (rElec)
You can survive without breathing.
You are immune to petrification.
You are immune to rotting.


Message History

The green ugly thing kicks you.
* * * LOW HITPOINT WARNING * * *
You feel better. The green ugly thing misses you.
Casting: Sandblast (safe; 1% risk of failure)
Confirm with . or Enter, or press ? or * to list all spells.
Aiming: Sandblast (safe; 1% risk of failure)
Press: ? - help, Shift-Dir - straight line, f/p - green ugly thing
Aim: a green ugly thing (almost dead)
The blast of sand hits the green ugly thing.
The green ugly thing is almost dead.
y - 122 stones The green ugly thing barely misses you.
You closely miss the green ugly thing.
The green ugly thing is almost dead.
The green ugly thing kicks you!
* * * LOW HITPOINT WARNING * * *
You barely miss the green ugly thing.
The green ugly thing is almost dead.
The green ugly thing kicks you!
You die...

.#.......### #...##
.#.........###.....#
.#.......#.)#.......
.##......##.).......
..##....††###.......
...#####.†.###.....# .
...((..##...###...## ...
....(...##.'#.#####.....
.......(.###...u@.......
..........)..##########.
.............#
.............#
.............#
.............#
.............#
.............#
.............


You could see a green ugly thing.

Vanquished Creatures
  Joseph (D:9)
  A troll (D:9)
  Prince Ribbit (D:5)
  A yak (D:8)
  2 hungry ghosts (D:8)
  Menkaure (D:7)
  A water moccasin (D:2)
  4 porcupines (D:8)
  2 orc warriors
  3 black bears
  A sky beast (D:8)
  A necrophage (D:9)
  4 ogres
  2 centaurs
  2 crocodiles (D:8)
  6 bullfrogs
  3 scorpions
  6 wights
  A howler monkey (D:5)
  3 crimson imps (D:6)
  2 orc priests
  2 hounds
  A jelly (D:6)
  5 orc wizards
  A bullfrog skeleton (D:4)
  8 iguanas
  Terence (D:3)
  Natasha (thrice) (D:3)
  8 worker ants
  2 hound skeletons
  2 howler monkey skeletons
  17 adders
  2 shadow imps
  An ooze (D:4)
  3 adder skeletons
  2 worms (D:3)
  3 dart slugs
  4 leopard geckos
  20 orcs
  8 giant cockroaches
  10 goblins
  10 hobgoblins
  14 jackals
  8 kobolds
  2 quokkas
  3 ball pythons
  6 bats
  6 frilled lizards
  5 rats
205 creatures vanquished.

Vanquished Creatures (others)
  12 fungi (D:8)
12 creatures vanquished.

Grand Total: 217 creatures vanquished

Notes
Turn   | Place    | Note
-------+----------+-------------------------------------------
     0 | D:1      | DorianNounverber the Gargoyle Earth Elementalist began the
                  | quest for the Orb.
     0 | D:1      | Reached XP level 1. HP: 10/10 MP: 3/3
   244 | D:1      | Reached skill level 4 in Earth Magic
   244 | D:1      | Reached XP level 2. HP: 15/15 MP: 3/5
  1094 | D:2      | Found a sparkling altar of Nemelex Xobeh.
  1123 | D:2      | Reached XP level 3. HP: 13/20 MP: 1/6
  1437 | D:2      | Reached skill level 1 in Fighting
  1464 | D:2      | Noticed a water moccasin
  1471 | D:2      | Killed a water moccasin
  1471 | D:2      | Reached skill level 5 in Earth Magic
  1471 | D:2      | Reached XP level 4. HP: 8/26 MP: 0/8
  1471 | D:2      | Reached XP level 5. HP: 9/30 MP: 0/9
  1762 | D:2      | Learned a level 3 spell: Stone Arrow
  1767 | D:2      | Learned a level 4 spell: Petrify
  2149 | D:2      | Noticed an ogre
  2160 | D:2      | Killed an ogre
  2160 | D:2      | Reached XP level 6. HP: 35/35 MP: 5/11
  2463 | D:3      | Noticed Natasha
  2661 | D:3      | Killed Natasha
  3014 | D:3      | Noticed Natasha
  3023 | D:3      | Killed Natasha
  3117 | D:3      | Noticed Natasha
  3122 | D:3      | Killed Natasha
  3122 | D:3      | Reached skill level 6 in Earth Magic
  3316 | D:3      | Noticed Terence
  3336 | D:3      | Killed Terence
  3587 | D:3      | Reached XP level 7. HP: 40/40 MP: 13/13
  3595 | D:3      | Learned a level 5 spell: Lee's Rapid Deconstruction
  4453 | D:4      | Found a staircase to the Ecumenical Temple.
  4540 | Temple   | Entered the Ecumenical Temple
  4610 | Temple   | Became a worshipper of Vehumet
  4927 | D:4      | Reached skill level 1 in Shields
  5028 | D:4      | Reached skill level 1 in Staves
  5028 | D:4      | Reached skill level 1 in Evocations
  5574 | D:4      | Reached XP level 8. HP: 33/46 MP: 14/14
  5896 | D:5      | Entered Level 5 of the Dungeon
  5926 | D:5      | Noticed Prince Ribbit
  5930 | D:5      | Killed Prince Ribbit
  5930 | D:5      | Reached skill level 1 in Conjurations
  5930 | D:5      | Reached skill level 7 in Earth Magic
  6428 | D:5      | Found an opulent altar of Gozag.
  6892 | D:5      | Reached skill level 5 in Spellcasting
  7032 | D:5      | Found a shattered altar of Ashenzari.
  7372 | D:5      | Reached * piety under Vehumet
  7372 | D:5      | Offered knowledge of Magic Dart by Vehumet.
  7835 | D:5      | Found Yxuutep's Distillery.
  7839 | D:5      | Bought a potion of agility for 56 gold pieces
  7839 | D:5      | Bought a potion of flight for 42 gold pieces
  7839 | D:5      | Bought a potion of curing for 42 gold pieces
  8630 | D:6      | Reached XP level 9. HP: 36/52 MP: 2/17
  9247 | D:6      | Found a glowing silver altar of Zin.
  9247 | D:6      | Noticed an angel
  9445 | D:7      | Reached skill level 8 in Earth Magic
  9524 | D:7      | Noticed Menkaure
  9532 | D:7      | Killed Menkaure
  9691 | D:7      | Found Conenarr's Food Boutique.
 10271 | D:8      | Found a bloodstained altar of Trog.
 10360 | D:8      | Offered knowledge of Throw Flame by Vehumet.
 10368 | D:7      | Reached ** piety under Vehumet
 10933 | D:8      | Reached XP level 10. HP: 58/58 MP: 13/19
 10935 | D:8      | Reached skill level 5 in Fighting
 10935 | D:8      | Reached skill level 9 in Earth Magic
 11218 | D:8      | Found a staircase to the Lair.
 11895 | D:9      | Noticed Joseph
 11907 | D:9      | Killed Joseph
 11980 | D:9      | Found a runed translucent door.
 12119 | D:9      | Offered knowledge of Static Discharge by Vehumet.
 12159 | D:9      | Noticed a green ugly thing
 12224 | D:9      | Slain by a green ugly thing

Skill      XL: |  1  2  3  4  5  6  7  8  9 10 |
---------------+-------------------------------+-----
Earth Magic    | 4 5 6 7 8 9 |  9.6
Fighting       | 1 2 3 4 5 |  5.4
Dodging        | 2 3 4 |  4.6
Spellcasting   | 3 4 5 6 7 |  7.0
Shields        | 1 2 3 4 |  4.4
Staves         | 1 2 3 4 |  4.1
Evocations     | 1 2 3 |  3.6
Conjurations   | 2 3 4 |  4.1
Stealth        | |  2.2
Transmutations | |  0.7

Action                   |  1- 3 |  4- 6 |  7- 9 | 10-12 || total
-------------------------+-------+-------+-------+-------++-------
Melee: Club              |    21 |   159 |     3 |       ||   183
       Staff             |       |       |   245 |    26 ||   271
 Cast: Sandblast         |    31 |    58 |    75 |    25 ||   189
       Stone Arrow       |       |     1 |    89 |    28 ||   118
       Petrify           |       |     1 |     5 |       ||     6
       Lee's Rapid Decon |       |       |     7 |     3 ||    10
  Use: Potion            |       |       |       |     1 ||     1
 Stab: Sleeping          |     1 |     3 |     1 |       ||     5
       Distracted        |       |       |     1 |       ||     1
  Eat: Chunk             |     2 |     4 |     6 |     3 ||    15
       Ration            |       |     1 |     5 |     1 ||     7
Armor: Robe              |     5 |   124 |   140 |    27 ||   296
Dodge: Dodged            |    14 |   182 |   206 |    44 ||   446
